 Dungeon Sprint DCSS version 0.23-a0-703-gdf2d5e0 (webtiles) character file.

0 rednecknazgul the Cutter (level 1, -1/11 HPs)
             Began as a Vine Stalker Gladiator on Jan 14, 2019.
             Was an Initiate of Gozag.
             Slain by an orc wizard
             ... wielding a +0 dagger
              (2 damage)
             ... in the Dungeon (Sprint VI: "Thunderdome").
             The game lasted 00:00:33 (120 turns).

rednecknazgul the Cutter (Vine Stalker Gladiator)    Turns: 120, Time: 00:00:33

Health: -1/11      AC:  4    Str: 16    XL:     1   Next: 30%
Magic:  0/2        EV: 12    Int:  8    God:    Gozag
Gold:   245        SH:  0    Dex: 15    Spells: 0/0 levels left

rFire    . . .     SeeInvis .   a - +0 rapier
rCold    . . .     Gourm    .   (no shield)
rNeg     . . .     Faith    .   b - +0 leather armour
rPois    .         Spirit   +   c - +0 helmet
rElec    .         Reflect  .   (no cloak)
rCorr    .         Harm     .   (no gloves)
MR       .....     NoTele   +   (no boots)
Stlth    +.........             (no amulet)
HPRegen  0.03/turn              (no ring)
MPRegen  0.08/turn              (no ring)

@: no status effects
A: fangs 2, magic shield, antimagic bite, no potion heal 3, rot immunity
a: Potion Petition, Call Merchant, Bribe Branch, Renounce Religion


You were in the Dungeon.
You worshipped Gozag.
Gozag was aware of your devotion.
You were not hungry.

You visited 1 branch You collected 245 gold pieces.

Inventory:

Hand Weapons
 a - a +0 rapier (weapon)
Missiles
 d - 3 throwing nets (quivered)
Armour
 b - a +0 leather armour (worn)
 c - a +0 helmet (worn)
Wands
 m - a wand of acid (5)
 n - a wand of iceblast (5)
Scrolls
 k - 4 scrolls of blinking
 o - 3 scrolls of fog
Potions
 e - a potion of curing
 h - 4 potions of haste
 i - 2 potions of magic
 j - a potion of berserk rage
 l - a potion of resistance
Comestibles
 f - a ration


   Skills:
 + Level 2.0 Fighting
 * Level 3.1 Short Blades
 - Level 1.7 Throwing
 + Level 0.5 Armour
 + Level 2.5 Dodging


You couldn't memorise any spells.
You didn't know any spells.
Your spell library was empty.

Dungeon Overview and Level Annotations

Branches:
Dungeon (1/1)

Altars:
Cheibriados
Dithmenos
Fedhas
Gozag
Kikubaaqudgha
Makhleb
Okawaru
Qazlal
Ru
Sif Muna
Trog
Uskayaw
Vehumet
Wu Jian
Xom
Yredelemnul
Zin
The Shining One
Beogh
Jiyva
Lugonu

Shops:
D *[%??*?*:[((!!!!


Innate Abilities, Weirdness & Mutations

You have extremely sharp teeth.
When hurt, damage is shared between your health and your magic reserves.
Your bite disrupts and absorbs the magic of your enemies.
Potions cannot restore your health.
You are immune to rotting.


Message History

There is a basalt altar of Yredelemnul here.
There is a snail-covered altar of Cheibriados here.
An orc wizard comes into view. It is wielding a +0 dagger.
The orc wizard shouts!
The orc wizard misses you.
You barely miss the orc wizard.
You bite the orc wizard, but do no damage.
The orc wizard barely misses you.
You hit the orc wizard but do no damage.
Your bite misses the orc wizard.
The orc wizard hits you with a +0 dagger.
You hit the orc wizard.
The orc wizard is moderately wounded.
The orc wizard hits you with a +0 dagger.
* * * LOW HITPOINT WARNING * * *
You hit the orc wizard. Your bite misses the orc wizard.
The orc wizard is severely wounded.
The orc wizard hits you with a +0 dagger.
You die...
Your body crumbles into a pile of gold.

###.........###
#⌠...........⌠#
##.8.........8.######
_......###......___∩##
.....8.# #.8........∩###
.......###.............##
....###...###..........⌠#
....# #.<.# #....o.....⌠#
....###...###...@......⌠#
.......###.............##
.....8.# #.8........∩###
_......###......___∩##
##.8.........8.######
#⌠...........⌠#
###.........###
#_......._# #........_#


You could see an orc wizard.

Vanquished Creatures
  A bat zombie (D)
  A frilled lizard (D)
2 creatures vanquished.

Notes
Turn   | Place    | Note
-------+----------+-------------------------------------------
     0 | D        | rednecknazgul the Vine Stalker Gladiator began the quest
                  | for the Orb.
     0 | D        | Reached XP level 1. HP: 11/11 MP: 2/2
     4 | D        | Found a stormy altar of Qazlal.
     4 | D        | Found a snail-covered altar of Cheibriados.
     5 | D        | Found a deep blue altar of Sif Muna.
     5 | D        | Found a basalt altar of Yredelemnul.
     5 | D        | Round 1.
     6 | D        | Found an iron altar of Okawaru.
     6 | D        | Found a viscous altar of Jiyva.
     7 | D        | Found a shadowy altar of Dithmenos.
     7 | D        | Found Ufodeasa's Weapon Rack.
     7 | D        | Found Ucidujil's Premium Goods.
     8 | D        | Found Geaduats's Basic Armour.
     8 | D        | Found Zeruh's Miscellaneous Merchandise.
    10 | D        | Found a burning altar of Makhleb.
    11 | D        | Found Jaerat's Do-It-Yourself Clinic.
    11 | D        | Found a shimmering altar of Xom.
    11 | D        | Found a glowing golden altar of the Shining One.
    11 | D        | Found an opulent altar of Gozag.
    11 | D        | Found Jelyps's Distillery.
    12 | D        | Found Quirgh's Bottled Wisdom.
    12 | D        | Found Fathra's Distillery.
    16 | D        | Reached skill level 3 in Short Blades
    26 | D        | Found an ancient bone altar of Kikubaaqudgha.
    30 | D        | Became a worshipper of Gozag Ym Sagoz the Greedy
    34 | D        | Found a hide-covered altar of Uskayaw.
    35 | D        | Found a roughly hewn altar of Beogh.
    35 | D        | Found Boeq's Staff Store.
    46 | D        | Found Exatusch's Must-Have Magic.
    47 | D        | Found Ceedopsu's Magic Scroll Shop.
    48 | D        | Found a bloodstained altar of Trog.
    48 | D        | Found a blossoming altar of Fedhas.
    48 | D        | Found Lovep's Magic Scroll Shop.
    52 | D        | Found a radiant altar of Vehumet.
    53 | D        | Found a corrupted altar of Lugonu.
    54 | D        | Found a glowing silver altar of Zin.
    55 | D        | Found Ilumoic's Delicious Food.
    56 | D        | Found Kasirphi's Jewellery.
    56 | D        | Found Xucuvo's Advanced Armour.
    57 | D        | Found a sacrificial altar of Ru.
    57 | D        | Found an ornate altar of the Wu Jian Council.
    57 | D        | Found Retijycs's Identification Station.
   113 | D        | Noticed an orc wizard
   120 | D        | Slain by an orc wizard

Vault maps used:
D:        arena_sprint

Skill      XL: |  1 |
---------------+----+-----
Fighting       | 2 |  2.0
Short Blades   | 3 |  3.1
Throwing       | |  1.7
Armour         | |  0.5
Dodging        | |  2.5

Action                   || total
-------------------------++-------
Melee: Rapier            ||    15
       Bite              ||     1
Armor: Leather armour    ||     5
Dodge: Dodged            ||     9

Table legend:
 A = Non-vault XP
 B = Vault XP
 C = Vault XP percentage of total XP
 D = Non-vault monster count
 E = Vault monster count
 F = Vault count percentage of total count
                 A         B        C        D         E       F
            +---------+---------+-------+---------+---------+-------
      Total |       3 |       0 |   0.0 |       2 |       0 |   0.0
            +---------+---------+-------+---------+---------+-------
          D |       3 |       0 |   0.0 |       2 |       0 |   0.0
            +---------+---------+-------+---------+---------+-------
